 Dungeon Crawl Stone Soup version 0.31.0-12-g77e489cdc1 (webtiles) character file.

Game seed: 9130733884016328299

404 Doomgape the Trooper (level 6, -1/60 HPs)
             Began as a Gargoyle Fighter on Feb 18, 2024.
             Slain by Duvessa
             ... wielding a +0 rapier
              (8 damage)
             ... on level 4 of the Dungeon.
             The game lasted 00:08:45 (3171 turns).

Doomgape the Trooper (Gargoyle Fighter)             Turns: 3171, Time: 00:08:46

Health: -1/60      AC: 23    Str: 22    XL:     6   Next: 86%
Magic:  6/6        EV:  2    Int:  8    God:
Gold:   200        SH:  4    Dex:  9    Spells: 5/5 levels left

rFire   . . .        k - +8 club
rCold   . . .        c - +0 buckler
rNeg    + . .        o - melded +0 chain mail
rPois   ∞            (helmet currently unavailable)
rElec   .            (cloak currently unavailable)
rCorr   .            (gloves currently unavailable)
SInv    .            (boots currently unavailable)
Will    .....        (no amulet)
Stlth   +            (no ring)
HPRegen 0.30/turn    (no ring)
MPRegen 0.10/turn

%: no passive effects
@: tree-form, attractive
A: stationary, stasis, torment immunity, boosted hp, sickness immunity, AC +4,
negative energy resistance 1, (electricity resistance), torment resistance 1,
petrification resistance
a: no special abilities


You were on level 4 of the Dungeon.
You were a tree.
You visited 1 branch of the dungeon, and saw 4 of its levels.

You collected 200 gold pieces.

Inventory:

Hand Weapons
 a - a +0 flail
 k - a +8 club (weapon)
Armour
 c - a +0 buckler (worn)
 o - a +0 chain mail (melded)
Jewellery
 e - a ring of ice
 p - an amulet of magic regeneration
Wands
 f - a wand of flame (5)
 r - a wand of charming (13)
Scrolls
 h - a scroll of teleportation
 i - 4 scrolls of identify
 j - a scroll of fog {unknown}
 l - a scroll of enchant weapon {unknown}
 m - a scroll of fear {unknown}
 u - a scroll of amnesia {unknown}
Potions
 d - a potion of might
 g - a potion of attraction
 n - 3 potions of haste
 q - a potion of ambrosia {unknown}
 s - a potion of cancellation {unknown}
 t - a potion of lignification


   Skills:
 + Level 5.0 Fighting
 + Level 3.9 Maces & Flails
 + Level 4.9 Armour
 + Level 4.9 Shields


You had 5 spell levels left.
You didn't know any spells.
Your spell library was empty.

Dungeon Overview and Level Annotations

Branches:
Dungeon (4/15)
 Temple: D:4-7

Altars:

Shops:
D:2 *

Annotations:
D:4 Duvessa


Innate Abilities, Weirdness & Mutations

You are a tree.
Your roots penetrate the ground, keeping you stationary.
You cannot be teleported.
You are immune to unholy pain and torment.
Your maximum health is greatly increased.
Your equipment is partially melded.
You are immune to sickness and miasma.
((Your stone body is resilient. (AC +4)))
You are immune to poison.
You resist negative energy. (rN+)
((You are resistant to electric shocks. (rElec)))
You are resistant to unholy torment.
You are immune to petrification.


Message History

Dowan is severely wounded.
Dowan points at you and mumbles some strange words.
The puff of flame hits you!
You hit Dowan.
You kill Dowan!
Duvessa screams, "No!
How DARE you!"
Duvessa goes berserk!
Duvessa hits you with a +0 rapier!
Your Fighting skill increases to level 5!
Duvessa barely misses you.
Things that are here:
a +0 dagger; a +0 robe; the elf corpse of Dowan You are too injured to fight recklessly!
You barely miss Duvessa. You block Duvessa's attack.
It was a potion of lignification.
You turn into a tree.
Your +0 chain mail melds into your body.
Your roots penetrate the ground.
Duvessa completely misses you. Duvessa hits you but does no damage.
It was a potion of attraction.
You feel attractive to monsters. Duvessa hits you with a +0 rapier!
* * * LOW HITPOINT WARNING * * *
Unknown command.
You feel better. Duvessa hits you but does no damage.
Duvessa hits you with a +0 rapier.
* * * LOW HITPOINT WARNING * * *
You closely miss Duvessa. Duvessa hits you but does no damage.
You block Duvessa's attack.
You hit Duvessa.
Duvessa is lightly wounded.
Duvessa hits you with a +0 rapier.
* * * LOW HITPOINT WARNING * * *
You closely miss Duvessa.
Duvessa is lightly wounded.
Duvessa hits you with a +0 rapier.
* * * LOW HITPOINT WARNING * * *
Duvessa completely misses you.
You closely miss Duvessa.
Duvessa is lightly wounded.
Duvessa hits you with a +0 rapier!
You die...

#. #. #. ####.
#.... #.##. #[##.
##############
###.##.
#....♣.......#
#......
#.####e.####.#
#.#.##.
#..####.###.#....
#..##.........##>
#..##.#.###.#.##.
......#.# #.#.#
$........#
#......
##########
###.### #.#


You could see Duvessa (berserk).

Vanquished Creatures
  A scorpion (D:4)
  Dowan (D:4)
  A jelly (D:4)
  An orc priest (D:3)
  Jessica (D:2)
  An iguana (D:4)
  An orc wizard (D:3)
  4 gnolls (D:3)
  3 adders
  4 dart slugs
  A ribbon worm (D:2)
  8 orcs
  3 bats
  7 endoplasms
  5 giant cockroaches
  6 hobgoblins
  3 jackals (D:3)
  8 kobolds
  A quokka (D:2)
  7 ball pythons
  2 frilled lizards
  10 goblins
  3 rats
82 creatures vanquished.

Notes
Turn   | Place    | Note
-------+----------+-------------------------------------------
     0 | D:1      | Doomgape the Gargoyle Fighter began the quest for the Orb.
     0 | D:1      | Reached XP level 1. HP: 14/14 MP: 1/1
   171 | D:1      | Reached XP level 2. HP: 15/19 MP: 2/2
   479 | D:1      | Reached XP level 3. HP: 23/23 MP: 3/3
   896 | D:2      | Noticed Jessica
   941 | D:2      | Killed Jessica
   942 | D:2      | Reached XP level 4. HP: 29/29 MP: 4/4
  1244 | D:2      | Reached skill level 4 in Fighting
  1574 | D:2      | Found Fagi's Assorted Antiques.
  1759 | D:3      | Reached XP level 5. HP: 29/33 MP: 5/5
  2419 | D:3      | Found a faded altar of an unknown god.
  2883 | D:4      | Reached XP level 6. HP: 36/39 MP: 6/6
  3018 | D:4      | Identified the +2 rapier of Reinforcement {pain, +Blink
                  | rPois rC++ Str-2}
  3155 | D:4      | Noticed Dowan
  3159 | D:4      | Noticed Duvessa
  3162 | D:4      | Killed Dowan
  3163 | D:4      | Reached skill level 5 in Fighting
  3171 | D:4      | Slain by Duvessa

Illustrated notes

Levels and vault maps discovered:
D:1:      denvon_arrival_planthouse, layout_loops_ring, minmay_hexomino_u4
D:2:      layout_loops_corners, serial_shops, shop, kennysheep_jessica_study,
          uniq_jessica
D:3:      layout_basic, shapermc_ecumenical_altar_flowoftime, hex_intersection,
          kennysheep_donut
D:4:      corexii_shack_village, layout_loops_cross,
          mainiacjoe_ossuary_entry_find_the_door, uniq_duvessa

Skill      XL: |  1  2  3  4  5  6 |
---------------+-------------------+-----
Fighting       | 4 5 |  5.0
Armour         | 4 |  4.9
Shields        | 4 |  4.9
Maces & Flails | 3 |  3.9

Action                     |  1- 3 |  4- 6 || total
---------------------------+-------+-------++-------
  Melee: Flail             |    87 |       ||    87
         Club              |       |   151 ||   151
    Use: Potion            |     3 |     3 ||     6
         Scroll            |       |     3 ||     3
 Armour: Scale mail        |    52 |    35 ||    87
         Chain mail        |       |    77 ||    77
         Skin              |       |     8 ||     8
  Dodge: Dodged            |    31 |    58 ||    89
  Block: Buckler           |    32 |    31 ||    63
